 Dungeon Crawl Stone Soup version 0.23.0 (console) character file.

Game seed: 16717918879982495753

1168 sanka the Ducker (level 8, -4/48 HPs)
             Began as a Kobold Abyssal Knight on Feb 14, 2019.
             Was a Priest of Lugonu.
             Killed from afar by an orc wizard (7 damage)
             ... with a magic dart
             ... on level 5 of the Dungeon.
             The game lasted 00:10:16 (7626 turns).

sanka the Ducker (Kobold Abyssal Knight)            Turns: 7626, Time: 00:10:17

Health: -4/48      AC:  2    Str: 10    XL:     8   Next: 68%
Magic:  19/22      EV: 25    Int: 13    God:    Lugonu [***...]
Gold:   270        SH:  0    Dex: 21    Spells: 9/14 levels left

rFire    . . .     SeeInvis +     - Unarmed
rCold    . . .     Gourm    .   (shield currently unavailable)
rNeg     . . .     Faith    .   (armour currently unavailable)
rPois    x         Spirit   .   (helmet currently unavailable)
rElec    .         Reflect  .   (cloak currently unavailable)
rCorr    .         Harm     .   (gloves currently unavailable)
MR       .....                  (boots currently unavailable)
Stlth    ++........             (no amulet)
HPRegen  0.16/turn              A - ring of see invisible
MPRegen  0.18/turn              y - ring of magical power

@: spider-form, slowed, very slow
A: tiny, carnivore
a: End Transformation, Depart the Abyss, Bend Space, Banish, Renounce Religion


You were on level 5 of the Dungeon.
You worshipped Lugonu.
Lugonu was most pleased with you.
You were very full.
You were a venomous arachnid creature.
You visited 1 branch of the dungeon, and saw 6 of its levels.
You visited the Abyss 1 time.

You collected 270 gold pieces.


Innate Abilities, Weirdness & Mutations

You are small and have problems with some larger weapons.
You are carnivorous and can eat meat at any time.


   Skills:
 + Level 3.9 Fighting
 - Level 4.0 Maces & Flails
 - Level 0.9 Armour
 + Level 5.8 Dodging
 + Level 1.5 Unarmed Combat
 + Level 3.7 Spellcasting
 + Level 3.7 Transmutations
 + Level 3.7 Poison Magic
 + Level 2.3 Invocations


You had 9 spell levels left.
You knew the following spells:

 Your Spells              Type           Power        Failure   Level  Hunger
z - Spider Form           Tmut/Pois      ##........   32%         3    ###....
Z - Sticks to Snakes      Tmut           ##......     19%         2    ##.....

Your spell library contained the following spells:

 Spells                   Type           Power        Failure   Level  Hunger
 Beastly Appendage        Tmut           ##....       14%         1    #......
 Ice Form                 Ice/Tmut       #.......     86%         4    #####..
 Blade Hands              Tmut           ##........   90%         5    ######.

Inventory:

Hand Weapons
 a - a +1 whip of electrocution (melded)
 u - a +1 mace
 x - the +1 falchion of Blind Justice {protect, Dex+7}

   It protects the one who uses it against injury (+AC on strike).
   It affects your dexterity (+7).
Missiles
 n - 112 stones (quivered)
Armour
 b - a +0 leather armour (melded)
 l - a +0 pair of gloves (melded)
 p - a +1 ring mail of cold resistance
 B - the +1 helmet "Wusm" (melded) {rPois rCorr}

   It protects you from poison.
   It provides partial protection from all sources of acid and corrosion.
 D - a +0 cloak (melded)
Magical Staves
 t - an uncursed staff of cold
Jewellery
 y - a ring of magical power (right front leg)
 A - a ring of see invisible (left front leg)
Wands
 s - a wand of random effects (12)
Scrolls
 d - a scroll of blinking {unknown}
 e - 2 scrolls of teleportation {unknown}
 g - a scroll of fear {unknown}
 h - 5 scrolls of remove curse
 i - 2 scrolls of magic mapping {unknown}
 k - 9 scrolls of identify {unknown}
 m - a scroll of amnesia {unknown}
 q - a scroll of immolation {unknown}
 r - 2 scrolls of enchant armour {unknown}
 v - a scroll of fog {unknown}
Potions
 f - a potion of brilliance {unknown}
 j - a potion of ambrosia {unknown}
 w - 2 potions of curing {unknown}
 z - a potion of degeneration {unknown}
Comestibles
 c - 12 rations

Dungeon Overview and Level Annotations

Branches:
Dungeon (6/15)             Temple (0/1) D:5

Altars:
Ashenzari
Kikubaaqudgha
Nemelex Xobeh
Sif Muna
Uskayaw
Xom

.....▒...▒
▒...............▒...▒▒
▒▒▒▒▒▒...▒
▒...................▒
▒ ▒...▒
▒........▒........▒.▒
▒ ▒...▒
▒▒▒▒..▒▒▒▒.8.8.8..▒.▒
▒ ▒▒▒▒...▒▒▒ ▒..▒
▒........▒.▒ ▒
▒........▒ ▒..▒
▒.▒..▒▒▒.▒.▒ ▒
▒........▒
▒..▒▒▒▒.▒▒.▒.....▒ ▒
▒........▒
▒..▒....▒▒.▒.▒.▒▒▒
▒▒▒........▒
▒os▒.▒▒▒▒▒.▒.▒...▒▒
...........▒ ▒▒.▒.▒
▒.▒......▒
...........▒ ▒.▒.▒
▒.▒▒▒▒▒▒▒▒
...........▒ ▒.▒.▒
▒.......▒ )..........▒
▒.▒.▒ ▒▒▒▒▒▒▒.▒
....▒▒▒▒▒▒▒▒ ▒.▒.▒ ▒.▒
▒▒▒▒▒
▒.▒.▒▒▒▒▒▒▒▒▒▒▒.▒
▒.▒..÷.......<▒.▒
▒.▒▒▒▒▒▒▒▒▒▒▒▒▒.▒▒


You could see an orc wizard.


Message History

The orc wizard hits you but does no damage.
You hit the orc wizard.
The orc wizard is heavily wounded.
The orc wizard gestures at you while chanting.
The magic dart hits you.
* * * LOW HITPOINT WARNING * * *
You closely miss the orc wizard.
The orc wizard is heavily wounded.
The orc wizard hits you but does no damage.
Casting: Spider Form (safe; 19% risk of failure)
Confirm with . or Enter, or press ? or * to list all spells.
You turn into a venomous arachnid creature.
Your +1 whip of electrocution stops crackling.
The orc wizard gestures at you while chanting.
You resist with some effort.
The orc wizard points at you and mumbles some strange words.
You feel as though you will be slow longer.
You hit the orc wizard but do no damage.
The orc wizard is poisoned.
The orc wizard is heavily wounded.
The orc wizard hits you with a +1 dagger of freezing.
* * * LOW HITPOINT WARNING * * *
The orc wizard freezes you.
* * * LOW HITPOINT WARNING * * *
You hit the orc wizard but do no damage.
The orc wizard looks as sick as possible!
The orc wizard is heavily wounded.
The orc wizard points at you and mumbles some strange words.
The magic dart hits you!
You die...

Action                   |  1- 3 |  4- 6 |  7- 9 || total
-------------------------+-------+-------+-------++-------
Melee: Mace              |   104 |   180 |       ||   284
       Whip              |       |       |   134 ||   134
       Unarmed           |       |       |    11 ||    11
 Cast: Spider Form       |       |       |     2 ||     2
Evoke: Wand              |       |     6 |     1 ||     7
  Use: Potion            |       |       |     3 ||     3
       Scroll            |       |       |     1 ||     1
 Stab: Confused          |       |     2 |       ||     2
       Sleeping          |       |       |     2 ||     2
  Eat: Chunk             |    11 |     9 |     9 ||    29
Armor: Leather armour    |    26 |    16 |     9 ||    51
       Ring mail         |       |    24 |       ||    24
Dodge: Dodged            |    89 |   157 |    72 ||   318

Levels and vault maps discovered:
D:1:      arrival_aquarium_b, layout_loops_corners, minmay_tetromino_l4
D:2:      layout_loops_corners, uniq_natasha
D:3:      layout_loops_ring
D:4:      layout_basic, lemuel_round_altar, amethyst_overflow_temple_binary,
          first_ration, nemelex_xobeh_ov_fountains_minmay, uniq_pikel
D:5:      layout_basic, eat_drink_and_be_merry_uskayaw,
          minmay_temple_entry_gardened_gates, ashenzari_altar_1, uniq_edmund
D:6:      layout_cave_pools, serial_shops, kennysheep_little_box
Abyss:1:  abyss_greek_temple

Notes
Turn   | Place    | Note
-------+----------+-------------------------------------------
     0 | Abyss:1  | sanka the Kobold Abyssal Knight began the quest for the
                  | Orb.
     0 | Abyss:1  | Reached XP level 1. HP: 14/14 MP: 2/2
    42 | D:1      | Escaped the Abyss
    46 | D:1      | Noticed an electric eel
    51 | D:1      | Noticed an electric eel
   117 | D:1      | HP: 1/14 [rat (3)]
   475 | D:1      | Reached XP level 2. HP: 19/19 MP: 3/3
   495 | D:1      | Reached skill level 2 in Maces & Flails
   764 | D:1      | Reached skill level 3 in Dodging
  1270 | D:1      | Reached XP level 3. HP: 22/23 MP: 4/4
  1433 | D:1      | Reached ** piety under Lugonu
  1842 | D:2      | Reached XP level 4. HP: 19/28 MP: 5/5
  2038 | D:2      | Noticed Natasha
  2059 | D:2      | Killed Natasha
  2059 | D:2      | Reached skill level 3 in Maces & Flails
  2059 | D:2      | Reached skill level 4 in Dodging
  2310 | D:2      | Noticed Natasha
  2318 | D:2      | Killed Natasha
  2318 | D:2      | Reached XP level 5. HP: 32/32 MP: 6/6
  2425 | D:2      | Noticed Natasha
  2434 | D:2      | Killed Natasha
  3363 | D:3      | Reached skill level 5 in Dodging
  3363 | D:3      | Reached XP level 6. HP: 25/37 MP: 7/7
  4021 | D:3      | Learned a level 2 spell: Sticks to Snakes
  4025 | D:3      | Learned a level 3 spell: Spider Form
  4211 | D:4      | Reached skill level 4 in Maces & Flails
  4234 | D:4      | Reached skill level 1 in Spellcasting
  4345 | D:4      | Noticed an ogre
  4476 | D:4      | Reached skill level 1 in Poison Magic
  4497 | D:4      | Noticed a slave
  5105 | D:4      | Noticed Pikel
  5120 | D:4      | Killed Pikel
  5120 | D:4      | Reached skill level 3 in Spellcasting
  5120 | D:4      | Reached skill level 3 in Transmutations
  5120 | D:4      | Reached skill level 3 in Poison Magic
  5120 | D:4      | Reached XP level 7. HP: 12/41 MP: 7/11
  5120 | D:4      | Reached XP level 8. HP: 13/46 MP: 7/12
  5442 | D:4      | Found a shimmering altar of Xom.
  5535 | D:4      | Found a sparkling altar of Nemelex Xobeh.
  5551 | D:4      | Got a polished falchion
  5552 | D:4      | Identified the cursed +1 falchion of Blind Justice
                  | {protect, Dex+7} (You found it on level 4 of the Dungeon)
  5650 | D:4      | Found an ancient bone altar of Kikubaaqudgha.
  5657 | D:4      | Found a deep blue altar of Sif Muna.
  5960 | D:5      | Entered Level 5 of the Dungeon
  6002 | D:5      | Found a shattered altar of Ashenzari.
  6262 | D:5      | Found a hide-covered altar of Uskayaw.
  6510 | D:5      | Noticed Edmund
  6531 | D:5      | HP: 3/46 [Edmund/+0 flail of holy wrath (4)]
  6557 | D:5      | HP: 2/46 [shadow imp/nerve-wracking pain (5)]
  6571 | D:5      | Killed Edmund
  6571 | D:5      | Reached skill level 1 in Unarmed Combat
  6731 | D:5      | Found a staircase to the Ecumenical Temple.
  6937 | D:5      | Reached *** piety under Lugonu
  7045 | D:5      | Got a transparent helmet
  7051 | D:5      | Identified the +1 helmet "Wusm" {rPois rCorr} (You found it
                  | on level 5 of the Dungeon)
  7455 | D:6      | Noticed a vampire
  7611 | D:5      | HP: 4/48 [orc wizard/magic dart (5)]
  7625 | D:5      | HP: 3/48 [orc wizard/+1 dagger of freezing (2)]
  7626 | D:5      | Killed from afar by an orc wizard

Vanquished Creatures
  Pikel (D:4)
  Edmund (D:5)
  A sky beast (D:5)
  2 hounds
  An orc priest (D:3)
  An orc wizard (D:4)
  A centaur skeleton (D:4)
  2 iguanas (D:5)
  Natasha (thrice) (D:2)
  A hound zombie (D:3)
  11 adders
  3 gnolls (D:5)
  A shadow imp (D:5)
  2 oozes
  2 adder skeletons
  2 worms
  2 leopard geckos
  12 orcs
  3 giant cockroaches (D:3)
  7 hobgoblins
  8 kobolds
  2 quokkas
  3 ball pythons
  9 bats
  6 frilled lizards
  4 goblins
  A quokka skeleton (D:4)
  7 rats
99 creatures vanquished.
